 Dungeon Crawl Stone Soup version 0.20.0-8-g6b59dc7 (webtiles) character file.

54 Rrauwl the Skirmisher (level 3, 0/31 HPs)
             Began as a Minotaur Artificer on May 31, 2017.
             Slain by Sigmund
             ... wielding a +0 scythe
              (6 damage)
             ... on level 2 of the Dungeon.
             The game lasted 00:03:56 (1335 turns).

Rrauwl the Skirmisher (Minotaur Artificer)          Turns: 1335, Time: 00:03:57

Health: 0/31       AC:  8    Str: 16    XL:     3   Next: 66%
Magic:  4/4        EV: 11    Int:  8    God:
Gold:   142        SH:  0    Dex: 11    Spells: 2/2 levels left

rFire    . . .     SeeInvis .   a - +2 short sword (protect)
rCold    . . .     Gourm    .   (no shield)
rNeg     . . .     Faith    .   m - +3 ring mail
rPois    .         Spirit   .   (helmet restricted)
rElec    .         Reflect  .   (no cloak)
rCorr    +         Harm     .   (no gloves)
MR       .....                  (no boots)
Stlth    ..........             (no amulet)
Regen    0.1/turn               j - ring of resist corrosion
MPRegen  0.1/turn               (no ring)

@: confused, berserk cooldown, slowed, very slow
A: retaliatory headbutt, horns 2
a: no special abilities


You were on level 2 of the Dungeon.
You were not hungry.

You visited 1 branch of the dungeon, and saw 2 of its levels.

You collected 142 gold pieces.

Inventory:

Hand Weapons
 a - a +2 short sword of protection (weapon)
Armour
 m - a +3 ring mail (worn)
Jewellery
 j - a ring of resist corrosion (left hand)
Wands
 c - a wand of flame (15/48)
 d - a wand of enslavement (15/24)
 e - a wand of random effects (15/48)
Scrolls
 b - 2 scrolls of enchant weapon {unknown}
 g - a scroll of remove curse {unknown}
 i - 3 scrolls of enchant armour {unknown}
 l - 3 scrolls of amnesia {unknown}
Comestibles
 f - 4 bread rations
 k - a royal jelly
 n - 6 chunks of flesh


   Skills:
 + Level 3.1 Fighting
 - Level 1.1 Short Blades
 - Level 2.0 Armour
 - Level 2.1 Dodging
 - Level 1.0 Stealth
 - Level 3.0 Evocations


You had 2 spell levels left.
You didn't know any spells.

Dungeon Overview and Level Annotations

Branches:
Dungeon (2/15)

Altars:
Gozag
Xom

Annotations:
D:2 Sigmund


Innate Abilities, Weirdness & Mutations

You reflexively headbutt those who attack you in melee.
You have a pair of horns on your head.


Message History

The worm is almost dead.
Something hits you but does no damage. The worm bites you.
* * * LOW HITPOINT WARNING * * *
You hit the worm.
You kill the worm!
Something hits you but does no damage. Something hits you but does no damage.
Things that are here:
a club; a worm corpse You hit something but do no damage.
Your headbutt misses something. Something hits you but does no damage.
You hit something but do no damage. Something hits you but does no damage.
You closely miss something. Something hits you but does no damage.
You barely miss something. Something hits you.
* * * LOW HITPOINT WARNING * * *
You barely miss something.
You hear some strange, mumbled words.
You are confused.
You barely miss something. Something hits you.
You die...

#.# #.# ##.####
#.....#
#?.##.#####
#..##..........
#.{##..###....
#..@.......#.#
#.###..##..#.#
#.###..# ....#
#...†..# #.#.#
######.###†#.#
#.....#†#
######..#
##.#.# ##.###.#
#


There were no monsters in sight!

Vanquished Creatures
  An adder (D:2)
  A worm (D:2)
  2 dart slugs (D:1)
  A giant cockroach (D:2)
  6 goblins
  7 hobgoblins
  4 jackals (D:2)
  2 frilled lizards (D:1)
  5 kobolds
  5 rats
34 creatures vanquished.

Notes
Turn   | Place    | Note
-------+----------+-------------------------------------------
     0 | D:1      | Rrauwl the Minotaur Artificer began the quest for the Orb.
     0 | D:1      | Reached XP level 1. HP: 16/16 MP: 1/1
    28 | D:1      | Reached skill level 1 in Stealth
   272 | D:1      | Reached XP level 2. HP: 24/24 MP: 3/3
   845 | D:2      | Found an opulent altar of Gozag.
   853 | D:2      | Found a shimmering altar of Xom.
   856 | D:2      | Reached skill level 1 in Armour
   890 | D:2      | Reached XP level 3. HP: 27/30 MP: 4/4
  1305 | D:2      | Noticed Sigmund
  1320 | D:2      | HP: 1/31 [something/puff of flame (12)]
  1335 | D:2      | Slain by Sigmund

Skill      XL: |  1  2  3 |
---------------+----------+-----
Stealth        | 1 |  1.0
Evocations     | 3 |  3.0
Fighting       | 2 3 |  3.1
Armour         | 1 2 |  2.0
Short Blades   | |  1.1
Dodging        | |  2.1

Action                   || total
-------------------------++-------
Melee: Short sword       ||    82
       Headbutt          ||    15
  Use: Potion            ||     3
       Scroll            ||     2
  Eat: Chunk             ||     1
Armor: Leather armour    ||     2
       Ring mail         ||    36
Dodge: Dodged            ||    40
